 Dungeon Crawl Stone Soup version 0.31-a0-154-g56bf346678 (webtiles) character file.

Game seed: 9307193336946658782

49 jasper the Vexing (level 3, 0/18 HPs)
             Began as a Spriggan Hexslinger on June 11, 2023.
             Succumbed to an adder's poison
             ... on level 2 of the Dungeon.
             The game lasted 00:01:38 (900 turns).

jasper the Vexing (Spriggan Hexslinger)              Turns: 900, Time: 00:01:39

Health: 0/18       AC:  2    Str:  4    XL:     3   Next: 53%
Magic:  7/7        EV: 17    Int: 16    God:
Gold:   70         SH:  0    Dex: 17    Spells: 4/7 levels left

rFire   . . .        a - +1 sling
rCold   . . .        (no shield)
rNeg    . . .        c - +0 robe
rPois   .            (helmet restricted)
rElec   .            (no cloak)
rCorr   .            (gloves unavailable)
SInv    +            (boots unavailable)
Will    +....        (no amulet)
Stlth   ++           (no ring)
HPRegen 0.23/turn    (no ring)
MPRegen 0.10/turn

%: no passive effects
@: lethally poisoned (0 -> -2), enlightened, flying, very quick
A: very small, no large weapons, unfitting armour, see invisible, speed 3
a: no special abilities


You were on level 2 of the Dungeon.
You visited 1 branch of the dungeon, and saw 2 of its levels.

You collected 70 gold pieces.

Inventory:

Hand Weapons
 a - a +1 sling (weapon)
Armour
 c - a +0 robe (worn)
Scrolls
 b - a scroll of poison
 d - a scroll of immolation


   Skills:
 + Level 1.7 Fighting
 - Level 2.0 Ranged Weapons
 - Level 2.6 Dodging
 + Level 2.6 Spellcasting
 + Level 4.3 Hexes


You had 4 spell levels left.
You knew the following spells:

 Your Spells              Type           Power      Damage    Failure   Level
b - Tukima's Dance        Hex            16%        N/A       10%         3

Your spell library contained the following spells:

 Spells                   Type           Power      Damage    Failure   Level
 Slow                     Hex            64%        N/A       3%          1
 Inner Flame              Hex/Fire       9%         N/A       24%         3
 Portal Projectile        Hex/Tloc       18%        N/A       24%         3
 Cause Fear               Hex            8%         N/A       32%         4
 Blade Hands              Tmut           1%         N/A       99%         5


Dungeon Overview and Level Annotations

Branches:
Dungeon (2/15)

Altars:


Innate Abilities, Weirdness & Mutations

You are very small and have problems with some larger weapons.
You are too small for most types of armour.
You have supernaturally acute eyesight. (SInv)
You cover ground extremely quickly. (Speed+++)


Message History

You are more poisoned.
The adder poisons you! The adder bites you.
You take 4 damage, and have 11/18 hp.
MASSIVE DAMAGE!!
Fire: a) +1 sling
Press: ? - help, Q - select action Shift-Dir - straight line, f/p - adder
Aim: an adder (almost dead, 40% to hit)
You shoot a sling bullet.
The sling bullet closely misses the adder.
You feel very sick. The adder barely misses you.
You take 3 damage, and have 8/18 hp.
Fire: a) +1 sling
Press: ? - help, Q - select action Shift-Dir - straight line, f/p - adder
Aim: an adder (almost dead, 40% to hit)
You shoot a sling bullet.
The sling bullet closely misses the adder.
You feel sick. The adder bites you.
* * * LOW HITPOINT WARNING * * *
The adder closely misses you.
You take 3 damage, and have 5/18 hp.
Fire: a) +1 sling
Press: ? - help, Q - select action Shift-Dir - straight line, f/p - adder
Aim: an adder (almost dead, 40% to hit)
You shoot a sling bullet. The sling bullet hits the adder!
You kill the adder!
* * * LOW HITPOINT WARNING * * *
You feel sick.
You take 2 damage, and have 3/18 hp.
It was a potion of enlightenment.
You feel very buoyant.
You fly up into the air.
* * * LOW HITPOINT WARNING * * *
You feel sick.
You take 1 damage, and have 2/18 hp.
* * * LOW HITPOINT WARNING * * *
You feel sick.
You take 1 damage, and have 1/18 hp.
* * * LOW HITPOINT WARNING * * *
You feel sick.
You die...

#... #...# .... #..#
##### #####..# #....
....#..# #.###
.......############.###
#........#.........
.....#@##.##.#.####.###
### #..#.#.....# #.###
##.##.##.### #....
#.......# #####
####...## . ###.#
..####### ###.#
(.......###.#.#
........##.#..###


There were no monsters in sight!

Vanquished Creatures
  An adder (D:2)
  A gnoll (D:1)
  2 dart slugs (D:1)
  A bat (D:1)
  2 endoplasms (D:1)
  A giant cockroach (D:1)
  3 goblins (D:1)
  4 hobgoblins (D:1)
  3 quokkas (D:1)
  2 ball pythons (D:1)
  2 frilled lizards (D:1)
  2 kobolds (D:1)
  3 rats
27 creatures vanquished.

Notes
Turn   | Place    | Note
-------+----------+-------------------------------------------
     0 | D:1      | jasper the Spriggan Hexslinger began the quest for the Orb.
     0 | D:1      | Reached XP level 1. HP: 9/9 MP: 3/3
   164 | D:1      | Reached skill level 1 in Fighting
   178 | D:1      | Reached XP level 2. HP: 13/14 MP: 5/5
   188 | D:1      | Found a faded altar of an unknown god.
   271 | D:1      | Reached skill level 4 in Hexes
   466 | D:1      | Reached XP level 3. HP: 18/18 MP: 7/7
   470 | D:1      | Learned a level 3 spell: Tukima's Dance
   900 | D:2      | Succumbed to an adder's poison

Illustrated notes

Levels and vault maps discovered:
D:1:      heliophobic_arrival_dark_side_of_the_moon, layout_loops_ring,
          ebering_ecumenical_altar_mist
D:2:      layout_loops_cross

Skill      XL: |  1  2 |
---------------+-------+-----
Fighting       | 1 |  1.7
Spellcasting   | 2 |  2.6
Hexes          | 4 |  4.3
Ranged Weapons | |  2.0
Dodging        | |  2.6

Action                     || total
---------------------------++-------
   Fire: Sling             ||    75
   Cast: Slow              ||     1
    Use: Scroll            ||     3
         Potion            ||     1
 Armour: Robe              ||     1
  Dodge: Dodged            ||    29

Table legend: (Time is in decaauts)
 A = Elapsed time spent in this place.
 B = Non-inter-level travel time spent in this place.
 C = Inter-level travel time spent in this place.
 D = Time resting spent in this place.
 E = Time spent auto-exploring this place.
 F = Levels seen in this place.
 G = Mean time per level.
                   A        B        C        D        E       F      G
               +--------+--------+--------+--------+--------+-----+--------+
         Total |    619 |    585 |     34 |      0 |    436 |   2 |  309.5 |
       Dungeon |    619 |    585 |     34 |      0 |    436 |   2 |  309.5 |
               +--------+--------+--------+--------+--------+-----+--------+

Top non-repeatable levels by time:
     D:1: 540 daAuts
     D:2: 78 daAuts
